Map: New Repugnancy LE

Players

TyCraftTV

  • Race: Protoss Protoss
  • League: Platinum
  • Spawn Location: 7:00

Sketchaphone - Winner!

  • Race: Zerg Zerg
  • League: Platinum
  • Spawn Location: 1:00

VOD

Have the link to the VOD?

Description

Time

  • Played on: March 5, 2019, 10:15 p.m.
  • Length: 10:51
Show
View Real Time Build Order
Export as new Build Order

TyCraftTV Protoss 

Build Orders: 1 Gate Expand, Chargelot Immortal 

Get SALT Encoding   

  12  0:00  Probe  
  13  0:12  Probe  
  14  0:19  Pylon  
  14  0:25  Probe  
  15  0:37  Probe  
  16  0:46  Gateway  
  16  0:53  Probe, Gateway  
  17  1:01  Probe  
  17  1:03  Assimilator  
  18  1:11  Probe  
  19  1:29  Nexus  
  19  1:40  Cybernetics Core  
  19  1:48  Probe  
  19  1:51  Assimilator  
  20  2:00  Probe  
  21  2:10  Gateway  
  21  2:13  Pylon  
  21  2:16  Probe  
  22  2:23  Zealot  
  22  2:28  Probe  
  25  2:44  Probe  
  25  2:45  Probe  
  27  2:53  Warp Gate  
  27  2:58  Robotics Facility  
  27  3:01  Zealot  
  27  3:02  Zealot, Probe  
  27  3:05  Probe  
  33  3:12  Probe  
  33  3:14  Probe  
  35  3:22  Probe  
  36  3:29  Probe  
  37  3:35  Probe  
  37  3:36  Immortal  
  37  3:41  Probe  
  43  3:52  Robotics Facility  
  43  3:53  Probe x2  
  45  3:56  Pylon  
  45  4:05  Probe  
  45  4:07  Pylon  
  46  4:14  Probe  
  46  4:16  Stalker, Sentry  
  51  4:17  Probe  
  51  4:23  Assimilator  
  52  4:27  Assimilator  
  52  4:32  Probe  
  52  4:34  Probe  
  52  4:37  Twilight Council  
  54  4:42  Immortal  
  58  4:49  Probe  
  60  4:57  Gateway  
  60  4:59  Gateway  
  60  5:00  Gateway  
  60  5:01  Probe  
  60  5:04  Charge  
  60  5:10  Probe  
  60  5:13  Probe  
  62  5:23  Pylon  
  62  5:34  Immortal  
  62  5:35  Warp Prism  
  62  5:41  Probe x2  
  70  6:19  Nexus  
  70  6:45  Pylon  
  70  6:50  Pylon  
  70  6:52  Pylon  
  70  6:57  Pylon  
  70  7:01  Pylon  
  70  7:03  Pylon, Probe x2, Immortal  
  70  7:08  Immortal  
  80  7:09  Zealot x3  
  80  7:10  Zealot x2  
  80  7:15  Probe  
  87  7:25  Probe  
  88  7:30  Probe  
  88  7:34  Immortal  
  88  7:36  Pylon  
  90  7:37  Probe  
  90  7:38  Pylon  
  90  7:43  Forge, Immortal  
  94  7:46  Forge  
  94  7:47  Probe x2  
  94  7:48  Templar Archives  
  100  7:58  Zealot x2  
  100  7:59  Zealot x3  
  100  8:01  Probe x3, Immortal  
  113  8:06  Protoss Ground Weapons Level 1  
  113  8:07  Pylon  
  113  8:10  Pylon  
  113  8:13  Shield Battery  
  113  8:15  Shield Battery, Probe x2  
  120  8:21  Protoss Ground Armor Level 1  
  120  8:32  Probe  
  120  8:33  Probe x2  
  122  8:37  Assimilator  
  122  8:39  High Templar x3  
  122  8:41  Assimilator  
  121  9:06  Zealot x2  
  121  9:16  Archon  
  115  9:19  Zealot x3  
  79  10:40  Zealot  
  79  10:41  Zealot  
Show
View Real Time Build Order
Export as new Build Order

Sketchaphone Zerg - Winner!

Build Orders: Hatch First 

Get SALT Encoding   

  12  0:01  Drone  
  13  0:13  Overlord  
  13  0:19  Drone  
  14  0:23  Drone, Extractor  
  15  0:32  Drone  
  15  0:35  Drone  
  17  0:57  Hatchery  
  17  1:00  Drone  
  17  1:02  Drone  
  18  1:06  Extractor  
  17  1:23  Spawning Pool  
  17  1:24  Drone  
  17  1:27  Drone  
  17  1:32  Drone  
  19  1:45  Drone  
  20  1:49  Overlord  
  20  2:03  Drone  
  21  2:10  Metabolic Boost, Queen  
  21  2:12  Drone  
  21  2:15  Drone  
  25  2:24  Drone  
  25  2:25  Drone  
  27  2:34  Zergling x4  
  29  2:46  Overlord, Drone  
  30  2:53  Evolution Chamber  
  30  2:56  Queen  
  30  2:57  Drone x2  
  33  3:08  Drone x2  
  35  3:13  Drone  
  35  3:17  Overlord  
  36  3:20  Zerg Melee Weapons Level 1  
  36  3:22  Drone x3  
  36  3:26  Drone  
  40  3:31  Drone  
  41  3:42  Drone  
  42  3:50  Queen  
  42  3:52  Drone  
  45  4:00  Drone  
  45  4:01  Drone  
  47  4:06  Drone  
  47  4:07  Overlord x2, Hatchery  
  47  4:14  Lair  
  47  4:22  Extractor  
  45  4:29  Overlord  
  45  4:40  Drone x6  
  51  4:52  Drone  
  52  4:56  Extractor  
  52  4:58  Extractor  
  52  4:59  Evolution Chamber  
  49  5:01  Roach Warren, Drone x5  
  49  5:03  Drone  
  49  5:04  Overlord  
  54  5:10  Queen  
  54  5:12  Drone x3  
  58  5:18  Zergling x2  
  59  5:27  Queen  
  61  5:29  Drone  
  61  5:32  Zerg Ground Armor Level 1  
  61  5:33  Zerg Missile Weapons Level 1  
  61  5:34  Zergling x12  
  67  5:43  Overlord  
  67  5:45  Glial Reconstitution  
  67  6:03  Queen  
  69  6:09  Overlord x2, Spore Crawler  
  69  6:11  Roach x9  
  86  6:18  Spore Crawler  
  86  6:22  Pneumatized Carapace  
  85  6:27  Drone x3  
  88  6:39  Queen  
  90  6:40  Overlord  
  90  6:41  Roach x6  
  102  6:47  Hydralisk Den  
  99  7:03  Roach  
  99  7:04  Roach x8  
  116  7:29  Zerg Missile Weapons Level 2  
  116  7:30  Zerg Ground Armor Level 2  
  116  7:36  Nydus Network, Overlord, Evolution Chamber  
  114  7:38  Overlord, Drone  
  114  7:42  Roach x3  
  114  7:43  Overlord x2  
  121  7:44  Ravager  
  122  8:04  Hydralisk x3  
  122  8:05  Hydralisk  
  130  8:06  Grooved Spines  
  130  8:07  Hatchery  
  130  8:10  Drone x4  
  133  8:14  Overseer  
  133  8:21  Zergling x12  
  139  8:31  Extractor  
  139  8:32  Extractor  
  137  8:37  Zergling x18  
  137  8:41  Nydus Canal  
  146  9:03  Infestation Pit, Tunneling Claws  
  146  9:05  Burrow, Hydralisk x2  
  146  9:06  Roach  
  146  9:07  Roach  
  143  9:36  Zergling x2  
  143  9:37  Zergling x22  
  153  9:50  Nydus Canal  
  153  9:54  Zergling x2  
  153  9:55  Zergling x10  
  159  10:03  Drone  
  159  10:04  Overlord  
  159  10:28  Roach x2  
  159  10:32  Zergling x8  
Tags
 
Add a new tag
Caveats
  • Supply blocks, unpowered buildings, or Contaminate may cause inaccurate times.
  • Supply counts are checked every 10 seconds.